Map: Dusk Towers

Players

Miszu - Winner!

  • Race: Terran Terran
  • League: Master

llllllllllll

  • Race: Terran Terran
  • League: Grandmaster

VOD

Have the link to the VOD?

Description

Time

  • Played on: April 13, 2016, 5:07 p.m.
  • Length: 15:11
Show
View Real Time Build Order
Export as new Build Order

Miszu Terran - Winner!

Build Orders: 1/1/1, Liberator Opening 

Get SALT Encoding   

  12  0:00  SCV  
  13  0:13  SCV  
  14  0:17  Supply Depot  
  14  0:25  SCV  
  14  0:27  Refinery  
  15  0:39  SCV  
  16  0:45  Barracks  
  16  0:58  SCV  
  17  1:10  SCV  
  18  1:23  SCV  
  19  1:34  Factory, Marine  
  19  1:36  Orbital Command  
  20  1:51  Supply Depot  
  20  1:52  Marine  
  21  2:01  SCV  
  22  2:10  Marine  
  22  2:14  SCV  
  24  2:18  Starport, Hellion  
  26  2:24  Supply Depot  
  26  2:26  SCV  
  26  2:28  Marine  
  28  2:38  SCV  
  28  2:39  Hellion  
  31  2:46  Marine  
  31  2:50  Supply Depot, SCV  
  33  2:55  Medivac  
  35  3:02  SCV  
  35  3:04  Marine, Hellion  
  39  3:09  Refinery  
  39  3:14  SCV  
  40  3:20  Liberator  
  40  3:21  Marine  
  40  3:23  Command Center  
  40  3:26  SCV  
  42  3:38  SCV  
  46  3:43  Supply Depot  
  46  3:50  Barracks Reactor  
  46  3:52  SCV  
  47  4:05  SCV  
  46  4:23  SCV  
  43  4:28  Marine x2  
  43  4:35  SCV  
  43  4:38  Command Center  
  41  4:42  Orbital Command  
  41  4:45  Factory Tech Lab  
  40  4:47  Marine x2, SCV  
  43  4:59  SCV  
  44  5:04  Marine  
  42  5:07  Barracks  
  42  5:08  Barracks, SCV  
  42  5:10  Marine  
  42  5:11  Starport Reactor, SCV  
  45  5:20  SCV  
  46  5:22  Marine, Siege Tank  
  46  5:23  SCV  
  51  5:32  SCV  
  52  5:35  SCV  
  52  5:39  Marine  
  52  5:40  Marine  
  55  5:43  Refinery  
  55  5:44  Refinery, SCV  
  55  5:45  Engineering Bay x2  
  55  5:48  Medivac, SCV  
  59  5:53  Orbital Command  
  59  5:56  Barracks Tech Lab, SCV  
  60  5:57  Marine, Barracks Tech Lab  
  60  6:00  SCV  
  60  6:04  Barracks  
  62  6:08  Barracks, SCV  
  63  6:12  Marine, SCV  
  63  6:15  Marine  
  63  6:17  Marine  
  63  6:18  Siege Tank  
  70  6:21  Orbital Command  
  70  6:29  Marine  
  70  6:30  Marine  
  70  6:32  Medivac x2  
  76  6:33  Marine  
  76  6:35  Marine  
  78  6:40  Terran Infantry Weapons Level 1, Terran Infantry Armor Level 1  
  78  6:47  Marine  
  78  6:48  Marine  
  78  6:50  Supply Depot, Marine  
  78  6:51  Armory  
  77  7:01  Barracks Reactor x2  
  73  7:02  SCV x3  
  73  7:08  Marine x2  
  76  7:11  Marine, Siege Tank  
  76  7:14  Supply Depot, SCV x3  
  84  7:18  Marine  
  84  7:19  Stimpack  
  85  7:26  SCV x3  
  86  7:33  Marine x3  
  86  7:36  Marine  
  90  7:38  SCV x3  
  92  7:50  SCV  
  92  7:51  Marine x2  
  94  7:53  Marine x2  
  94  7:54  Marine x2, Marauder, Refinery x2  
  94  7:55  Refinery  
  101  7:59  Supply Depot  
  101  8:05  Missile Turret  
  101  8:08  Missile Turret  
  101  8:21  Medivac, Siege Tank, SCV x2  
  101  8:22  Supply Depot  
  109  8:33  Sensor Tower  
  109  8:35  Sensor Tower, Missile Turret  
  109  8:37  Marine x2, Terran Infantry Weapons Level 2  
  109  8:40  Terran Infantry Armor Level 2  
  109  8:44  Marine x5, SCV x3  
  117  8:54  Marine  
  116  8:59  Marine x2  
  116  9:02  Marine x4, Marauder  
  108  9:12  Marine  
  108  9:14  Medivac x2, Siege Tank  
  108  9:17  Marine x2  
  109  9:19  Marine x4  
  109  9:23  Marine  
  116  9:30  Marine  
  112  9:34  Marine  
  112  9:35  Marine  
  112  9:37  Marine x3, Terran Vehicle Weapons Level 1  
  117  9:47  Command Center  
  117  9:51  Factory  
  117  9:57  Supply Depot x3  
  117  9:59  Supply Depot  
  117  10:03  Combat Shields  
  117  10:18  Marine x8, Medivac x2, Siege Tank  
  117  10:20  Barracks  
  132  10:21  Barracks  
  132  10:24  Barracks  
  132  10:36  Marine x8, Factory Tech Lab  
  140  10:48  Supply Depot, Medivac  
  140  10:49  Supply Depot x2  
  142  10:50  Supply Depot, Siege Tank  
  142  10:52  Supply Depot  
  142  10:53  Marine x3  
  142  10:54  Marine  
  149  10:59  Siege Tank  
  153  11:05  Medivac  
  156  11:12  Terran Infantry Weapons Level 3  
  156  11:15  Terran Infantry Armor Level 3  
  153  11:19  Barracks Reactor x2  
  153  11:20  Barracks Reactor  
  153  11:22  Siege Tank  
  156  11:31  Siege Tank  
  159  11:39  Marine x3  
  160  11:40  Marine x5, Sensor Tower  
  167  11:49  Medivac x2  
  170  11:54  Siege Tank  
  170  11:56  Marine  
  170  11:57  Marine x8  
  138  12:19  Medivac x2  
  123  12:30  Marine  
  115  12:38  Marine  
  115  12:40  Marine  
  115  12:41  Marine x11  
  115  12:42  Hellion, Siege Tank  
  133  12:48  Marine  
  133  12:49  Medivac  
  136  12:56  Marine  
  136  12:58  Marine  
  134  12:59  Marine x4  
  134  13:01  Marine, Medivac  
  134  13:02  Planetary Fortress  
  134  13:03  Siege Tank  
  145  13:14  Marine x3, Siege Tank  
  145  13:15  Marine x4  
  145  13:19  Medivac  
  157  13:20  Marine  
  142  13:35  Siege Tank  
  142  13:41  Marine x4  
  131  13:42  Marine x2  
  131  13:43  Marine x7  
  131  13:46  Siege Tank  
  147  13:50  Marine  
  148  13:59  Marine x5  
  148  14:00  Marine x2  
  148  14:02  Marine  
  156  14:04  Marine, Medivac  
  156  14:06  Marine  
  156  14:07  Siege Tank  
  155  14:18  Siege Tank  
  155  14:20  Marine x4  
  146  14:27  Marine  
  146  14:28  Marine x2  
  143  14:33  Marine  
  141  14:39  Siege Tank  
  141  14:41  Marine  
  141  14:43  Marine  
  141  14:45  Marine  
  149  14:46  Marine  
  149  14:50  Marine  
  149  14:51  Marine  
  149  14:52  Marine  
  156  14:53  Marine  
Show
View Real Time Build Order
Export as new Build Order

llllllllllll Terran 

Build Orders: Reaper Expand 

Get SALT Encoding   

  12  0:01  SCV  
  13  0:13  SCV  
  14  0:17  Supply Depot  
  14  0:25  SCV  
  15  0:39  SCV  
  15  0:40  Barracks  
  16  0:45  Refinery  
  16  0:51  SCV  
  17  1:03  SCV  
  18  1:15  SCV  
  19  1:27  Orbital Command  
  19  1:29  Reaper  
  20  1:43  Command Center  
  20  1:55  Supply Depot  
  20  1:56  SCV  
  21  2:01  Barracks Tech Lab  
  21  2:06  Refinery  
  21  2:08  SCV  
  22  2:14  Factory  
  22  2:18  Barracks Tech Lab  
  22  2:22  SCV  
  23  2:34  SCV  
  24  2:46  SCV  
  24  2:49  Marine  
  26  2:55  Orbital Command  
  26  3:00  SCV  
  26  3:04  Cyclone  
  30  3:10  Starport  
  30  3:11  Marine  
  30  3:12  SCV  
  32  3:19  Refinery  
  32  3:23  SCV  
  32  3:24  SCV  
  34  3:30  Marine  
  34  3:36  SCV  
  34  3:38  SCV  
  34  3:40  Siege Tank  
  39  3:46  Command Center  
  39  3:52  Viking  
  42  3:55  SCV  
  42  3:56  Marine  
  42  3:59  SCV  
  44  4:05  Supply Depot  
  44  4:07  SCV  
  36  4:30  SCV x2  
  35  4:39  Barracks Reactor  
  35  4:42  SCV x2  
  38  4:47  Siege Tank  
  38  4:48  Medivac  
  41  4:54  SCV x2  
  41  5:03  Orbital Command  
  40  5:08  SCV  
  40  5:09  SCV  
  42  5:16  Marine x2  
  42  5:18  Medivac  
  42  5:20  SCV  
  42  5:21  SCV  
  48  5:32  Siege Tank, SCV  
  48  5:33  SCV x2  
  48  5:35  Marine x2  
  56  5:44  SCV  
  56  5:45  SCV x2  
  59  5:50  Medivac  
  59  5:54  Supply Depot  
  59  5:55  Marine x2  
  59  5:57  SCV x3  
  64  5:58  Engineering Bay  
  66  6:06  Siege Tank  
  66  6:10  Engineering Bay  
  69  6:12  Supply Depot  
  69  6:16  SCV x3  
  72  6:24  Barracks Tech Lab  
  69  6:35  SCV x2  
  69  6:38  SCV  
  69  6:39  Terran Infantry Weapons Level 1, Terran Infantry Armor Level 1  
  72  6:47  SCV  
  73  6:58  SCV  
  75  7:01  SCV  
  75  7:03  SCV  
  75  7:06  Marine  
  75  7:07  Viking x2, Stimpack  
  81  7:10  Barracks x2, SCV  
  81  7:13  SCV  
  81  7:15  Refinery, SCV  
  83  7:20  Missile Turret  
  84  7:30  Barracks  
  84  7:31  Barracks  
  84  7:32  Marine  
  83  7:38  Medivac  
  83  7:42  Supply Depot x3, Medivac, SCV  
  85  7:49  Orbital Command  
  83  7:51  Supply Depot  
  83  7:52  SCV  
  83  7:57  SCV  
  83  7:58  Barracks Reactor  
  85  8:03  Siege Tank  
  85  8:04  SCV, Missile Turret  
  85  8:05  Missile Turret  
  89  8:07  Marine  
  89  8:11  Barracks Reactor  
  90  8:15  Bunker  
  90  8:19  Marine x2  
  92  8:20  Refinery, Medivac  
  92  8:24  SCV x2  
  92  8:25  Marine, SCV  
  98  8:33  Armory  
  98  8:35  Supply Depot  
  98  8:36  Marine, SCV  
  98  8:37  Marine, SCV x2  
  103  8:43  Marine  
  103  8:44  Refinery  
  103  8:48  Marine, SCV  
  105  8:49  Marine x3, SCV x2  
  105  8:50  Medivac, Siege Tank  
  105  8:54  Marine  
  117  8:57  Marine  
  117  9:00  SCV  
  106  9:09  Marine x2  
  97  9:13  Marine  
  97  9:14  Marine  
  97  9:17  Marine x3  
  97  9:18  Medivac  
  97  9:27  Marine x2  
  101  9:31  Marine x2, SCV x3  
  101  9:33  Terran Infantry Armor Level 2, Terran Infantry Weapons Level 2  
  101  9:35  Marine  
  101  9:37  Barracks Reactor  
  105  9:40  Barracks Reactor  
  105  9:42  Supply Depot  
  105  9:44  Supply Depot x2  
  105  9:45  Marine x2  
  107  9:49  Marine  
  107  9:50  Marine  
  109  9:52  Marine  
  109  9:53  Factory  
  111  10:00  Terran Vehicle Weapons Level 1  
  111  10:02  Marine  
  111  10:03  Marine  
  112  10:07  Marine  
  112  10:08  Marine  
  112  10:09  Siege Tank  
  112  10:10  Marine  
  118  10:14  Missile Turret  
  118  10:17  Missile Turret  
  118  10:18  Marine x3  
  118  10:19  Medivac x2, Command Center, Missile Turret  
  118  10:20  Marine x2  
  127  10:27  Marine x3  
  127  10:28  Marine  
  130  10:29  Combat Shields  
  130  10:31  Supply Depot  
  130  10:35  Marine  
  130  10:42  Marine x3  
  134  10:44  Siege Tank  
  134  10:45  Factory Tech Lab  
  134  10:48  Marine x2  
  134  10:49  Marine x3  
  142  10:50  Medivac  
  142  10:51  Medivac  
  142  10:53  Supply Depot, Marine  
  147  11:00  Marine x3  
  150  11:07  Marine x5  
  155  11:11  Marine  
  155  11:15  Supply Depot, Siege Tank  
  155  11:17  Marine  
  155  11:18  Marine x2  
  162  11:29  Sensor Tower  
  162  11:31  Marine x5  
  162  11:32  Marine, Siege Tank  
  171  11:41  Marine x3  
  171  11:42  Medivac x2  
  178  11:49  Marine  
  178  11:52  Marine x5  
  182  11:59  Marine  
  169  12:08  Marine  
  169  12:09  Marine x2  
  169  12:10  Marine x2  
  169  12:11  Marine  
  169  12:14  Marine  
  169  12:15  Marine  
  131  12:17  Marine  
  121  12:26  Marine x3  
  121  12:28  Marine x2  
  121  12:29  Marine, Siege Tank  
  121  12:32  Marine x2  
  121  12:35  Marine  
  118  12:40  Planetary Fortress  
  118  12:43  Siege Tank  
  121  12:44  Marine x3  
  121  12:46  Marine x2  
  121  12:47  Marine  
  121  12:50  Marine x2  
  129  12:52  Marine  
  128  12:58  Viking  
  128  13:00  Viking  
  128  13:02  Marine x3  
  125  13:19  Marine x3  
  128  13:27  Marine x4  
  128  13:28  Siege Tank x2  
  128  13:32  Marine x2  
  135  13:37  Marine x3  
  135  13:38  Medivac  
  125  13:44  Marine  
  125  13:45  Marine x3  
  129  13:50  Marine x2  
  129  13:55  Marine x3  
  132  14:17  Marine x3  
  132  14:23  Marine x2  
  122  14:25  Marine x3  
  123  14:34  Marine x2  
  123  14:35  Marine x2  
  109  14:39  Siege Tank x2  
  109  14:41  Marine x2  
  109  14:42  Marine  
  109  14:43  Marine  
  109  14:45  Marine  
  103  14:52  Marine x4  
Tags
 
Add a new tag
Caveats
  • Supply blocks, unpowered buildings, or Contaminate may cause inaccurate times.
  • Supply counts are checked every 10 seconds.